 Dungeon Sprint DCSS version 0.29.1-15-g9cfb28693d (webtiles) character file.

Game seed: 10686551236624599230

14084 Groucho the Naga Aeon (level 12, -18/123 HPs)
             Began as a Naga Fighter on Apr 30, 2023.
             Was the Champion of Cheibriados.
             Demolished by an orc knight
             ... wielding a +0 bardiche
              (23 damage)
             ... in the Dungeon (Sprint VII: "The Pits").
             The game lasted 00:11:17 (4942 turns).

Groucho the Naga Aeon (Naga Fighter)                Turns: 4942, Time: 00:11:17

Health: -18/123    AC: 16    Str: 34    XL:     12   Next: 12%
Magic:  21/21      EV: 18    Int: 28    God:    Cheibriados [******]
Gold:   47         SH:  9    Dex: 32    Spells: 11/11 levels left

rFire   . . .      SeeInvis +   t - +1 broad axe of Xinoklou {flame, Will+ rCorr}
rCold   . . .      Faith    .   c - +0 buckler
rNeg    . . .      Spirit   .   w - +5 ring mail
rPois   +          Reflect  .   k - +0 helmet
rElec   .          Harm     .   p - +0 cloak
rCorr   +          Rampage  .   (no gloves)
Will    ++...      NoTele   +   (no barding)
Stlth   ++........              (no amulet)
HPRegen 0.30/turn               r - +3 ring of intelligence
MPRegen 0.17/turn               s - +3 ring of dexterity

@: very slow
A: AC +4, large, see invisible, deformed body, poison resistance, slowness 2,
spit poison 1, naga tail 1
a: Spit Poison, Renounce Religion, Bend Time, Temporal Distortion, Slouch, Step
From Time


You were in the Dungeon.
You worshipped Cheibriados.
Cheibriados was exalted by your worship.
You visited 1 branch You collected 47 gold pieces.

Inventory:

Hand Weapons
 t - the +1 broad axe of Xinoklou (weapon) {flame, Will+ rCorr}
   (You found it in the Dungeon)

   It burns those it strikes, dealing additional fire damage.
   Big, fiery blades are also staple armaments of hydra-hunters.
   rCorr:     It protects you from acid and corrosion.
   Will:      It increases your willpower.
 u - a +2 vorpal morningstar
Missiles
 a - 3 poisoned darts
 b - a curare-tipped dart
 m - 21 stones
 L - 6 javelins (quivered)
Armour
 c - a +0 buckler (worn)
 k - a +0 helmet (worn)
 p - a +0 cloak (worn)
 q - a +3 chain mail
 v - a +4 scale mail
 w - a +5 ring mail (worn)
Jewellery
 r - a +3 ring of intelligence (left hand)
 s - a +3 ring of dexterity (right hand)
 y - a +6 ring of intelligence
 D - a ring of willpower
 I - a ring of fire
 K - a ring of ice
Wands
 E - a wand of flame (5)
Scrolls
 j - 4 scrolls of blinking
 n - 5 scrolls of amnesia
 o - a scroll of summoning
 x - a scroll of fog
 C - 5 scrolls of enchant weapon
 F - 4 scrolls of enchant armour
 G - a scroll of identify
 H - a scroll of brand weapon
 J - a scroll of poison
Potions
 d - 3 potions of might
 e - 10 potions of curing
 f - 4 potions of heal wounds
 g - 2 potions of haste
 h - 4 potions of magic
 i - 5 potions of berserk rage
 l - 2 potions of invisibility
 z - a potion of resistance
 A - 2 potions of mutation
 B - a potion of brilliance


   Skills:
 + Level 12.7 Fighting
 + Level 12.4 Axes
 + Level 9.3 Throwing
 + Level 10.7 Armour
 + Level 8.5 Dodging
 + Level 11.6 Shields
 + Level 13.1 Invocations


You had 11 spell levels left.
You didn't know any spells.
Your spell library contained the following spells:

 Spells                   Type           Power      Damage    Failure   Level
 Blink                    Tloc           0%         N/A       24%         2
 Confusing Touch          Hex            0%         N/A       43%         3
 Lesser Beckoning         Tloc           0%         N/A       43%         3
 Manifold Assault         Tloc           0%         N/A       99%         5
 Yara's Violent Unravell  Hex/Tmut       0%         3d3       99%         5
 Enfeeble                 Hex            0%         N/A       100%        7


Dungeon Overview and Level Annotations

Branches:
Dungeon (1/1)

Altars:
Ashenzari
Cheibriados
Dithmenos
Elyvilon
Fedhas
Gozag
Hepliaklqana
Kikubaaqudgha
Makhleb
Nemelex Xobeh
Okawaru
Qazlal
Ru
Sif Muna
Trog
Uskayaw
Vehumet
Wu Jian
Xom
Yredelemnul
Zin
The Shining One
Jiyva
Lugonu


Innate Abilities, Weirdness & Mutations

Your serpentine skin is tough. (AC +4)
You have supernaturally acute eyesight. (SInv)
Armour fits poorly on your strangely shaped body.
Your system is resistant to poisons. (rPois)
You cover ground very slowly.
You can spit poison.
You have a snake-like lower body.


Message History

Unknown command.
Unknown command.
You closely miss the centaur.
The centaur is almost dead.
The centaur closely misses you. The centaur barely misses you.
The orc knight barely misses you.
An orc knight comes into view. It is wielding a +0 battleaxe.
A deep elf knight comes into view. It is wielding a +0 scimitar.
The centaur misses you. You block the centaur's attack.
A spriggan rider comes into view. It is wielding a +0 spear.
The alligator snapping turtle misses you.
Unknown command.
Unknown command.
The deep elf knight shouts!
The spriggan rider shouts!
The orc knight shouts!
You slash the centaur! You burn the centaur.
You kill the centaur!
Cheibriados thoroughly appreciates the change of pace.
An orc knight comes into view. It is wielding a +2 long sword.
The orc knight unwields a +0 great sword.
The orc knight wields a +0 arbalest.
The orc knight shoots a bolt.
The bolt completely misses you. The orc knight closely misses you.
Unknown command.
Unknown command.
Unknown command.
An orc knight comes into view. It is wielding a +0 long sword.
The deep elf knight gestures wildly while chanting.
The deep elf knight seems to speed up.
The alligator snapping turtle bites you from afar!!
You block the orc knight's attack. x2
The orc knight hits you from afar with a +0 bardiche!!
The deep elf knight gestures wildly while chanting.
The deep elf knight flickers and vanishes for a moment.
The alligator snapping turtle bites you from afar!!
The orc knight hits you from afar with a +0 halberd!!
* * * LOW HITPOINT WARNING * * *
The orc knight hits you with a +0 great sword!
* * * LOW HITPOINT WARNING * * *
The orc warlord closely misses you.
The orc knight hits you from afar with a +0 bardiche!!
You die...

++###############################
..................)..............
...(.............................
..##############''##############)
..# #..@o..# #. ..# #.ooot.# #.
..# #.o.oo.# #. ..# ###oi### #.
..#


oooo #. ..# .e... #. [.# ....# #. ..# #....# #. ..# #. You could see an
alligator snapping turtle, 2 orc warlords, 10 orc knights, a spriggan rider and
a deep elf knight (fast, invisible).

Vanquished Creatures
  A minotaur (D)
  A death knight (D)
  Urug (D)
  A sun demon (D)
  A shadow wraith (D)
  2 deep trolls (D)
  A phantasmal warrior (D)
  2 bog bodies (D)
  A wizard (D)
  A harpy (shapeshifter) (D)
  2 cyclopes (D)
  Joseph (D)
  A black mamba (D)
  An unseen horror (D)
  A yaktaur (shapeshifter) (D)
  2 efreet (D)
  A rime drake (D)
  A red devil (D)
  A polar bear (D)
  9 dream sheep (D)
  A tarantella (D)
  2 jumping spiders (D)
  4 yaks (D)
  A small abomination (D)
  A redback (D)
  2 vampire mosquitoes (D)
  A water moccasin (D)
  A floating eye (D)
  A swamp drake (D)
  A large abomination (D)
  2 black bears (D)
  A wolf (D)
  2 ogres (D)
  4 centaurs (D)
  2 kobold brigands (D)
  A phantom (D)
  An earth elemental (D)
  A scorpion (D)
  A crimson imp (D)
  A hound (D)
  An orc wizard (D)
  A hell rat (D)
  A gnoll (D)
  An adder (D)
  2 river rats (D)
  A white imp (D)
  2 ufetubi (D)
  An adder zombie (D)
  A worm (D)
  2 orcs (D)
  2 ball pythons (D)
  A bat skeleton (D)
  A bat zombie (D)
  An endoplasm (D)
  A hobgoblin (D)
  4 jackals (D)
  2 kobolds (D)
  A bat (D)
  A frilled lizard (D)
90 creatures vanquished.

Notes
Turn   | Place    | Note
-------+----------+-------------------------------------------
     0 | D        | Groucho the Naga Fighter began the quest for the Orb.
     0 | D        | Reached XP level 1. HP: 21/21 MP: 1/1
    12 | D        | Reached XP level 2. HP: 10/28 MP: 2/2
    39 | D        | Found a glowing golden altar of the Shining One.
    39 | D        | Found a glowing silver altar of Zin.
    39 | D        | Found a basalt altar of Yredelemnul.
    39 | D        | Found a shimmering altar of Xom.
    39 | D        | Found an ornate altar of the Wu Jian Council.
    39 | D        | Found a bloodstained altar of Trog.
    39 | D        | Found a shimmering blue altar of Sif Muna.
    39 | D        | Found a sacrificial altar of Ru.
    39 | D        | Found a stormy altar of Qazlal.
    39 | D        | Found an iron altar of Okawaru.
    39 | D        | Found a sparkling altar of Nemelex Xobeh.
    39 | D        | Found a burning altar of Makhleb.
    39 | D        | Found a viscous altar of Jiyva.
    39 | D        | Found a hazy altar of Hepliaklqana.
    39 | D        | Found an opulent altar of Gozag.
    39 | D        | Found a blossoming altar of Fedhas.
    39 | D        | Found a white marble altar of Elyvilon.
    39 | D        | Found a shadowy altar of Dithmenos.
    39 | D        | Found a snail-covered altar of Cheibriados.
    40 | D        | Found a radiant altar of Vehumet.
    40 | D        | Found a corrupted altar of Lugonu.
    41 | D        | Found a hide-covered altar of Uskayaw.
    41 | D        | Found an ancient bone altar of Kikubaaqudgha.
    41 | D        | Found a broken altar of Ashenzari.
    47 | D        | Became a worshipper of Cheibriados the Contemplative
   193 | D        | Reached skill level 1 in Invocations
   200 | D        | Reached * piety under Cheibriados
   201 | D        | Reached XP level 3. HP: 21/36 MP: 2/4
   325 | D        | Reached ** piety under Cheibriados
   336 | D        | Reached *** piety under Cheibriados
   342 | D        | Reached **** piety under Cheibriados
   343 | D        | Reached skill level 2 in Invocations
   413 | D        | Noticed a floating eye
   414 | D        | Paralysed by a floating eye for 4 turns
   418 | D        | Killed a floating eye
   419 | D        | Reached skill level 5 in Fighting
   419 | D        | Reached skill level 4 in Invocations
   419 | D        | Reached XP level 4. HP: 46/46 MP: 4/7
   419 | D        | Reached XP level 5. HP: 52/52 MP: 4/8
   428 | D        | Reached skill level 5 in Shields
   657 | D        | Noticed a wolf
   659 | D        | Killed a wolf
   659 | D        | Reached ***** piety under Cheibriados
   660 | D        | Reached skill level 5 in Axes
   660 | D        | Reached skill level 5 in Armour
   660 | D        | Reached skill level 5 in Invocations
   660 | D        | Reached XP level 6. HP: 62/62 MP: 3/9
   683 | D        | Reached ****** piety under Cheibriados
   823 | D        | Reached skill level 6 in Invocations
   835 | D        | Reached XP level 7. HP: 54/72 MP: 11/11
   946 | D        | Noticed a bog body
   959 | D        | Reached skill level 1 in Throwing
   959 | D        | Reached skill level 1 in Dodging
   959 | D        | Reached skill level 7 in Invocations
  1049 | D        | Killed a bog body
  1050 | D        | Reached skill level 8 in Invocations
  1050 | D        | Reached XP level 8. HP: 50/82 MP: 12/14
  1462 | D        | Got the +1 broad axe of Xinoklou {flame, Will+ rCorr}
  1635 | D        | Noticed a yak
  1635 | D        | Noticed a yak
  1635 | D        | Noticed a yak
  1635 | D        | Noticed a deep troll
  1636 | D        | Noticed a yak
  1637 | D        | Killed a yak
  1641 | D        | Killed a deep troll
  1642 | D        | Reached XP level 9. HP: 87/91 MP: 4/15
  1644 | D        | Reached skill level 9 in Invocations
  1955 | D        | Noticed an efreet
  1957 | D        | Reached skill level 5 in Throwing
  1957 | D        | Reached skill level 5 in Dodging
  1958 | D        | Killed an efreet
  1959 | D        | Reached skill level 10 in Fighting
  1959 | D        | Reached skill level 10 in Invocations
  1959 | D        | Reached XP level 10. HP: 61/102 MP: 10/17
  2303 | D        | Noticed a phantasmal warrior
  2303 | D        | Noticed a deep troll
  2306 | D        | Reached skill level 10 in Axes
  2306 | D        | Killed a phantasmal warrior
  2306 | D        | Killed a deep troll
  2511 | D        | Noticed a death knight
  2511 | D        | Noticed a harpy
  2515 | D        | Killed a death knight
  2516 | D        | Reached skill level 10 in Shields
  2516 | D        | Reached skill level 11 in Invocations
  2519 | D        | Killed a harpy
  2819 | D        | Reached XP level 11. HP: 88/111 MP: 13/19
  2893 | D        | Noticed a shadow wraith
  2893 | D        | Noticed a cyclops
  2895 | D        | Killed a shadow wraith
  2898 | D        | Killed a cyclops
  3388 | D        | Noticed Joseph
  3389 | D        | Noticed a bog body
  3389 | D        | Noticed Urug
  3401 | D        | Reached skill level 12 in Invocations
  3404 | D        | Killed a bog body
  3405 | D        | Reached skill level 10 in Armour
  3406 | D        | Killed Joseph
  3408 | D        | Killed Urug
  4072 | D        | Noticed a minotaur
  4080 | D        | Killed a minotaur
  4620 | D        | Noticed a cyclops
  4620 | D        | Noticed a sun demon
  4623 | D        | Killed a sun demon
  4625 | D        | Killed a cyclops
  4875 | D        | Noticed a wizard
  4877 | D        | Killed a wizard
  4878 | D        | Reached skill level 13 in Invocations
  4878 | D        | Reached XP level 12. HP: 123/123 MP: 21/21
  4935 | D        | Noticed an alligator snapping turtle
  4936 | D        | Noticed an orc warlord
  4937 | D        | Noticed an orc warlord
  4940 | D        | Noticed a deep elf knight
  4942 | D        | HP: 5/123 [orc knight/+0 great sword (9)]
  4942 | D        | Demolished by an orc knight

Illustrated notes

Levels and vault maps discovered:
D:        pitsprint [storerooms_1, entrance_room_1, metal_vault_1, armoury_1,
          mini_pit_1, grid_room_1, main_hall_1, silver_pit, the_coven_1,
          the_vestibule_1, steel_vault_2, golden_pit, hallway_of_sentries,
          crystal_vault_1, iron_vault_4, final_vault]

Skill      XL: |  1  2  3  4  5  6  7  8  9 10 11 |
---------------+----------------------------------+-----
Armour         | 3 4 5 6 7 8 9 10 | 10.7
Shields        | 3 4 5 6 7 8 9 10 11 | 11.6
Axes           | 3 4 5 6 8 9 10 12 | 12.4
Invocations    | 1 4 5 6 8 10 11 13 | 13.1
Fighting       | 4 5 6 7 8 9 10 11 12 | 12.7
Throwing       | 3 4 5 7 9 |  9.3
Dodging        | 2 3 5 6 8 |  8.5

Action                   |  1- 3 |  4- 6 |  7- 9 | 10-12 || total
-------------------------+-------+-------+-------+-------++-------
Melee: War axe           |     2 |       |       |       ||     2
       Hand axe          |    29 |    49 |    32 |       ||   110
       Broad axe         |       |       |    15 |    49 ||    64
Throw: Javelin           |       |       |       |     4 ||     4
Invok: Slouch            |       |     1 |     3 |    17 ||    21
 Abil: Spit Poison       |       |       |     1 |     1 ||     2
  Use: Potion            |     1 |       |     4 |     1 ||     6
Armor: Scale mail        |    17 |       |       |       ||    17
       Chain mail        |       |    32 |    25 |       ||    57
       Ring mail         |       |       |     3 |    31 ||    34
Dodge: Dodged            |    16 |    17 |    12 |    64 ||   109
Block: Buckler           |    13 |    17 |    18 |    44 ||    92
